 Dungeon Crawl Stone Soup version 0.26-a0-597-gb535b0901c (webtiles) character file.

Game seed: 2958291059708669108

4182 hongsu the Cleaver (level 10, -8/77 HPs)
             Began as a Formicid Fighter on Aug 29, 2020.
             Was a Follower of Fedhas.
             Mangled by an orc warlord
             ... wielding a +3 vorpal battleaxe
              (23 damage)
             ... in a bailey.
             The game lasted 00:21:26 (10310 turns).

hongsu the Cleaver (Formicid Fighter)              Turns: 10310, Time: 00:21:27

Health: -8/77      AC: 14    Str: 23    XL:     10   Next: 53%
Magic:  10/10      EV:  7    Int:  9    God:    Fedhas [*.....]
Gold:   608        SH: 10    Dex: 10    Spells: 9/9 levels left

rFire    . . .     SeeInvis +   a - +3 war axe
rCold    . . .     Faith    .   c - +0 kite shield
rNeg     . . .     Spirit   .   m - +0 chain mail
rPois    .         Reflect  .   (helmet unavailable)
rElec    .         Harm     .   (no cloak)
rCorr    +                      f - +1 pair of gloves
MR       +....                  (no boots)
Stlth    ..........             (no amulet)
HPRegen  0.22/turn              x - ring of attention (curse)
MPRegen  0.12/turn              z - ring of resist corrosion

@: mighty
A: permanent stasis, dig shafts and tunnels, four strong arms, antennae 3
a: Dig, Shaft Self, Renounce Religion


You were in a bailey.
You worshipped Fedhas.
Fedhas was aware of your devotion.
You visited 2 branches of the dungeon, and saw 9 of its levels.
You also visited: Ossuary and Bailey.

You collected 646 gold pieces.
You spent 38 gold pieces at shops.

Inventory:

Hand Weapons
 a - a +3 war axe (weapon)
 b - a +0 war axe
 p - a cursed +3 hand axe
 r - a +3 hand axe
Missiles
 y - 18 poisoned darts (quivered)
Armour
 c - a +0 kite shield (worn)
 f - a +1 pair of gloves (worn)
 m - a +0 chain mail (worn)
Jewellery
 l - an uncursed ring of ice
 x - a cursed ring of attention (left hand)
 z - a ring of resist corrosion (right hand)
Wands
 s - a wand of flame (11)
Scrolls
 h - a scroll of fog
 n - 3 scrolls of remove curse
 q - 6 scrolls of magic mapping
 v - 3 scrolls of fear
Potions
 e - a potion of brilliance {unknown}
 i - 3 potions of stabbing
 j - 2 potions of magic
 k - 2 potions of curing
 o - a potion of lignification {unknown}
 t - a potion of haste


   Skills:
 * Level 6.9 Fighting
 + Level 10.0 Axes
 - Level 9.8 Armour
 - Level 0.3 Dodging
 - Level 5.7 Shields


You had 9 spell levels left.
You didn't know any spells.
Your spell library contained the following spells:

 Spells                   Type           Power        Failure   Level
 Magic Dart               Conj           #...         99%         1
 Searing Ray              Conj           #.....       100%        2
 Dazzling Flash           Conj/Hex       #.....       100%        3
 Fulminant Prism          Conj/Hex       #.........   100%        4
 Iskenderun's Mystic Bla  Conj/Tloc      #.......     100%        4


Dungeon Overview and Level Annotations

Branches:
Dungeon (8/15)             Temple (1/1) D:7         Ossuary (visited)
 Bailey (1/1)
   Lair: D:8-11

Altars:
Ashenzari
Cheibriados
Dithmenos
Elyvilon
Fedhas
Hepliaklqana
Kikubaaqudgha
Makhleb
Okawaru
Qazlal
Ru
Sif Muna
Trog
Vehumet
Wu Jian
Xom
Yredelemnul
Zin
The Shining One

Shops:
D:5 *   D:6 (

Annotations:
D:2 exclusion: downstairs
D:3 Sigmund
D:6 exclusion: downstairs


Innate Abilities, Weirdness & Mutations

You cannot be hasted, slowed, berserked, paralysed or teleported.
You can dig through walls and to a lower floor.
Your four strong arms can wield two-handed weapons with a shield.
You have a pair of large antennae on your head. (SInv)


Message History

* * * LOW HITPOINT WARNING * * *
x2 Unknown command.
Okay, then.
You slice the orc warlord!!
The orc warlord is severely wounded.
Unknown command.
You slash the orc warlord!
The orc warlord is almost dead.
The orc warlord hits you with a +3 vorpal battleaxe.
* * * LOW HITPOINT WARNING * * *
x2 Unknown command.
Your chain mail prevents you from hitting the orc warlord.
The orc warlord is almost dead.
The orc warlord barely misses you.
Unknown command.
You hit the orc warlord.
The orc warlord is almost dead.
The orc warlord hits you with a +3 vorpal battleaxe!!
You die...
Fedhas appreciates your contribution to the ecosystem.

#.........# { #.......
##....o....##{ ##.......
#.....⌠.....#######.....⌠..
##......)))##.....##.......
#.......).#.......#.......
##.......##.......##......
#.......'.........'......
##.....##).......)##.....
#######@o...⌠...).######
##)........## #.........#
##.......## #.......#
##.)...## ♣##[''##♣♣
♣♣.)......♣ ♣♣..).....♣♣


You could see an orc warlord.

Vanquished Creatures
  A two-headed ogre (D:8)
  An ugly thing (D:7)
  2 hippogriffs
  A sky beast (D:5)
  An ice beast (D:6)
  2 black bears (D:7)
  6 orc warriors (Bailey)
  A centaur (D:2)
  An ogre (D:4)
  3 bullfrogs
  A wyvern zombie (D:7)
  3 scorpions
  5 wights (D:8)
  A howler monkey (D:4)
  A quasit (D:7)
  2 human zombies (Ossuary)
  4 orc priests
  2 bullfrog skeletons
  2 hounds
  4 orc wizards
  An iguana (D:6)
  2 worker ants
  A killer bee zombie (D:6)
  2 big kobold zombies (Ossuary)
  A hound skeleton (D:6)
  4 mummies (Ossuary)
  A worker ant zombie (D:5)
  13 gnolls
  5 adders
  4 shadow imps
  2 white imps
  2 ufetubi (D:6)
  3 oozes
  2 adder zombies
  2 worms (D:2)
  7 dart slugs
  8 leopard geckos
  23 orcs
  3 giant cockroaches
  20 goblins
  16 hobgoblins
  8 kobolds
  4 quokkas
  3 ball pythons
  8 bats
  5 frilled lizards
  A gnoll zombie (Ossuary)
  3 hobgoblin zombies (Ossuary)
  A jackal zombie (Ossuary)
  A kobold zombie (Ossuary)
  2 quokka skeletons
  10 rats
  A rat zombie (Ossuary)
213 creatures vanquished.

Vanquished Creatures (others)
  3 toadstools (D:1)
3 creatures vanquished.

Grand Total: 216 creatures vanquished

Notes
Turn   | Place    | Note
-------+----------+-------------------------------------------
     0 | D:1      | hongsu the Formicid Fighter began the quest for the Orb.
     0 | D:1      | Reached XP level 1. HP: 18/18 MP: 1/1
    63 | D:1      | Reached XP level 2. HP: 24/24 MP: 2/2
   203 | D:1      | Reached XP level 3. HP: 29/29 MP: 3/3
   807 | D:2      | Noticed a centaur
   815 | D:2      | Killed a centaur
   815 | D:2      | Reached skill level 3 in Axes
   815 | D:2      | Reached skill level 5 in Shields
   815 | D:2      | Reached XP level 4. HP: 11/37 MP: 4/4
   815 | D:2      | Reached XP level 5. HP: 13/42 MP: 5/5
  1693 | D:3      | Noticed Sigmund
  2548 | D:3      | Reached XP level 6. HP: 38/48 MP: 6/6
  2851 | D:4      | Reached skill level 4 in Axes
  2878 | D:4      | Found a sand-covered staircase.
  2885 | Ossuary  | Entered an ossuary
  2963 | Ossuary  | Reached skill level 5 in Axes
  3228 | Ossuary  | Reached XP level 7. HP: 54/54 MP: 7/7
  3896 | D:4      | Reached skill level 6 in Axes
  4664 | D:4      | Found an iron altar of Okawaru.
  4784 | D:5      | Entered Level 5 of the Dungeon
  4840 | D:5      | Found Moudut's General Store.
  4856 | D:5      | Bought a scroll of magic mapping for 38 gold pieces
  4921 | D:5      | Reached skill level 5 in Armour
  4924 | D:5      | Reached XP level 8. HP: 51/61 MP: 8/8
  5552 | D:5      | Reached skill level 7 in Axes
  5645 | D:5      | Found a glowing golden altar of the Shining One.
  5678 | D:5      | Found a basalt altar of Yredelemnul.
  5871 | D:5      | Noticed an angel
  5901 | D:5      | Noticed a profane servitor
  6070 | D:6      | Found Ococh's Weapon Boutique.
  6264 | D:6      | Reached skill level 5 in Fighting
  6914 | D:6      | Reached XP level 9. HP: 64/68 MP: 9/9
  7104 | D:6      | Reached skill level 8 in Axes
  7149 | D:6      | Found a shimmering blue altar of Sif Muna.
  7529 | D:7      | Noticed a brown ugly thing
  7542 | D:7      | Noticed a hippogriff
  7557 | D:6      | Killed a hippogriff
  7942 | D:7      | Found a staircase to the Ecumenical Temple.
  7951 | Temple   | Entered the Ecumenical Temple
  8138 | Temple   | Became a worshipper of Fedhas Madash
  8186 | D:7      | Found a shimmering altar of Xom.
  8449 | D:7      | Found a bloodstained altar of Trog.
  8498 | D:7      | Noticed a two-headed ogre
  8954 | D:7      | Killed a brown ugly thing
  9329 | D:8      | Reached skill level 9 in Axes
  9380 | D:8      | Noticed a two-headed ogre
  9393 | D:8      | HP: 3/69 [two-headed ogre/cursed +0 giant spiked club (23)]
  9394 | D:8      | Killed a two-headed ogre
  9394 | D:8      | Reached XP level 10. HP: 3/77 MP: 10/10
  9553 | D:8      | Found a flagged portal.
  9642 | Bailey   | Entered a bailey
  9936 | Bailey   | Reached * piety under Fedhas
 10258 | Bailey   | Reached skill level 10 in Axes
 10271 | Bailey   | Noticed an orc warlord
 10310 | Bailey   | Mangled by an orc warlord

Illustrated notes

Levels and vault maps discovered:
D:1:      minmay_arrival_arboretum_small, layout_rooms,
          minmay_gold_behind_fungi, minivault_14, minmay_door_square
D:2:      layout_loops_ring, corexii_hall_statues_t, minmay_misc_feat_encased
D:3:      layout_loops_ring, kennysheep_generic_room_2, uniq_sigmund
D:4:      kennysheep_slugbush, layout_loops_corners, lemuel_crystal_altar,
          nicolae_ossuary_entry_ruins
D:5:      layout_loops_ring, grunt_temple_overflow_holy_war, serial_shops, shop,
          kennysheep_small_circle
D:6:      layout_cave_pods, led_sif_pool, serial_shops, shop,
          ebering_dispersal_statue_hall
D:7:      layout_basic, kennysheep_little_box, trog_ov_bears_minmay,
          minmay_temple_entry_stoned_glass
D:8:      layout_loops_ring, enter_bailey_7
Temple:   nicolae_temple_figure_eight
Bailey:   bailey_axe_minmay_hex_keep, bailey

Skill      XL: |  1  2  3  4  5  6  7  8  9 10 |
---------------+-------------------------------+-----
Shields        | 4 5 |  5.7
Axes           | 3 5 6 7 9 10 | 10.0
Fighting       | 4 5 6 |  6.9
Armour         | 4 5 6 9 |  9.8
Dodging        | |  0.3

Action                   |  1- 3 |  4- 6 |  7- 9 | 10-12 || total
-------------------------+-------+-------+-------+-------++-------
Melee: War axe           |    90 |   192 |   385 |    70 ||   737
       Hand axe          |       |       |       |    97 ||    97
Throw: Dart              |       |       |    18 |       ||    18
Evoke: Wand              |       |     3 |     4 |       ||     7
  Use: Scroll            |       |     6 |     7 |     2 ||    15
       Potion            |       |       |     3 |     5 ||     8
Armor: Scale mail        |    48 |    19 |       |       ||    67
       Chain mail        |       |    50 |   201 |    35 ||   286
Dodge: Dodged            |    49 |    49 |   100 |    24 ||   222
Block: Kite shield       |    77 |    86 |   207 |    57 ||   427

Table legend: (Time is in decaauts)
 A = Elapsed time spent in this place.
 B = Non-inter-level travel time spent in this place.
 C = Inter-level travel time spent in this place.
 D = Time resting spent in this place.
 E = Time spent auto-exploring this place.
 F = Levels seen in this place.
 G = Mean time per level.
                   A        B        C        D        E       F      G
               +--------+--------+--------+--------+--------+-----+--------+
         Total |  10496 |  10095 |    401 |   3229 |   4633 |  11 |  954.2 |
       Dungeon |   9176 |   8804 |    372 |   2799 |   4358 |   8 | 1147.0 |
        Temple |    216 |    187 |     29 |      0 |    175 |   1 |  216.0 |
       Ossuary |    448 |    448 |      0 |    132 |    100 |   1 |  448.0 |
        Bailey |    654 |    654 |      0 |    298 |      0 |   1 |  654.0 |
               +--------+--------+--------+--------+--------+-----+--------+

Top non-repeatable levels by time:
     D:6: 1868 daAuts
     D:4: 1581 daAuts
     D:7: 1303 daAuts
     D:2: 1225 daAuts
     D:5: 1164 daAuts
     D:3: 966 daAuts
     D:1: 710 daAuts
  Bailey: 654 daAuts
 Ossuary: 448 daAuts
     D:8: 356 daAuts
  Temple: 216 daAuts
